 Dungeon Crawl Stone Soup version 0.31-a0-339-gda1cbd555d (webtiles) character file.

Game seed: 13019600200711387653

42 Shard1697 the Gusty (level 3, 0/26 HPs)
             Began as a Draconian Air Elementalist on July 21, 2023.
             Shot with a sling bullet by a goblin (5 damage)
             ... led by Robin
             ... on level 2 of the Dungeon.
             The game lasted 00:02:16 (899 turns).

Shard1697 the Gusty (Draconian Air Elementalist)     Turns: 899, Time: 00:02:17

Health: 0/26       AC:  5    Str:  9 (10) XL:     3   Next: 33%
Magic:  3/6        EV: 12    Int: 15 (17) God:
Gold:   74         SH:  0    Dex: 10 (11) Spells: 4/7 levels left

rFire   . . .        d - +2 short sword (flame)
rCold   . . .        (no shield)
rNeg    . . .        (body armour unavailable)
rPois   .            (helmet restricted)
rElec   .            (no cloak)
rCorr   .            (no gloves)
SInv    +            (no boots)
Will    +....        (no amulet)
Stlth   ++           h - ring of see invisible
HPRegen 0.24/turn    (no ring)
MPRegen 0.10/turn

%: no passive effects
@: enlightened, flying
A: AC +5, unfitting armour, cold-blooded
a: no special abilities


You were on level 2 of the Dungeon.
You visited 1 branch of the dungeon, and saw 2 of its levels.

You collected 74 gold pieces.

Inventory:

Hand Weapons
 c - a +0 dagger
 d - a +2 short sword of flaming (weapon)
 f - a +3 short sword
Armour
 i - a +0 buckler
Jewellery
 h - a ring of see invisible (left hand)
Scrolls
 e - 3 scrolls of identify {unknown}
 g - a scroll of blinking {unknown}
Potions
 a - a potion of magic


   Skills:
 - Level 1.7 Dodging
 - Level 1.7 Stealth
 + Level 2.6 Spellcasting
 - Level 1.0 Conjurations
 * Level 4.0 Air Magic


You had 4 spell levels left.
You knew the following spells:

 Your Spells              Type           Power      Damage    Failure   Level
a - Shock                 Conj/Air       36%        1d5       8%          1
b - Static Discharge      Conj/Air       18%        2-3/arc   11%         2

Your spell library contained the following spells:

 Spells                   Type           Power      Damage    Failure   Level
 Swiftness                Air            14%        N/A       12%         3
 Airstrike                Air            7%         2d(1-17)  36%         4


Dungeon Overview and Level Annotations

Branches:
Dungeon (2/15)

Altars:

Shops:
D:1 (

Annotations:
D:2 Robin


Innate Abilities, Weirdness & Mutations

Your plain brown scales are hard. (AC +5)
You cannot fit into any form of body armour.
You are cold-blooded and may be slowed by cold attacks.


Message History

Robin says, "Kneel, worm!"
Robin roars a battlecry!
The goblins go into a battle-frenzy!
The goblin shoots a sling bullet.
The sling bullet misses you. Robin throws the goblin at you!
The goblin misses you.
You hit the goblin but do no damage.
A goblin comes into view. It is wielding a +0 club.
The goblin closely misses you.
Casting: Shock (safe; 7% risk of failure)
Confirm with . or Enter, or press ? or * to list all spells.
The goblin is struck by an arc of lightning.
You kill the goblin!
You are struck by an arc of lightning.
The goblin shoots a sling bullet.
The sling bullet hits you but does no damage.
Robin throws the goblin at you! The goblin barely misses you.
You hit the goblin. You burn the goblin.
You kill the goblin!
The goblin hits you with a +0 dagger. Robin throws the goblin at you!
Casting: Static Discharge (safe; 10% risk of failure)
Confirm with . or Enter, or press ? or * to list all spells.
The goblin is struck by an arc of lightning.
The goblin is heavily wounded.
You are struck by an arc of lightning.
The lightning grounds out.
The goblin shoots a sling bullet.
The sling bullet closely misses you. The goblin hits you but does no damage.
The goblin hits you with a +0 dagger. The goblin hits you with a +0 dagger.
The goblin attacks as you move away! The goblin closely misses you.
The goblin shoots a sling bullet.
The sling bullet barely misses you. The hobgoblin attacks as you move away!
The hobgoblin barely misses you. The hobgoblin attacks as you move away!
The hobgoblin hits you.
* * * LOW HITPOINT WARNING * * *
The hobgoblin no longer looks unusually strong.
It was a potion of enlightenment.
You feel very buoyant.
You fly up into the air.
It was a potion of degeneration.
There was something very wrong with that liquid.
You feel weakened.
You feel dopey.
You feel clumsy.
The goblin shoots a sling bullet.
The sling bullet hits you.
You die...

...
#..#.....................
##
#...###.#####......#####
##..# # #....### #..#
#....# ##.# ......# #
#.## ###....#
.#.#.##..########....#
......................
.#.#.##.##g@....... #
#..##.####.#..
#..............
#..##.##......
#....g........
.#..##g##.#..#.
.......g.#g#..# #
.........#.#..#.#
.........g.g....###


You could see 3 hobgoblins and a goblin.

Vanquished Creatures
  5 bats
  4 endoplasms (D:1)
  2 giant cockroaches
  5 goblins
  3 hobgoblins (D:1)
  A jackal (D:1)
  5 kobolds (D:1)
  A quokka (D:1)
  A ball python (D:1)
  2 frilled lizards (D:1)
  12 rats
41 creatures vanquished.

Notes
Turn   | Place    | Note
-------+----------+-------------------------------------------
     0 | D:1      | Shard1697 the Draconian Air Elementalist began the quest
                  | for the Orb.
     0 | D:1      | Reached XP level 1. HP: 14/14 MP: 3/3
   149 | D:1      | Reached XP level 2. HP: 20/20 MP: 0/5
   445 | D:1      | Learned a level 2 spell: Static Discharge
   528 | D:1      | Reached XP level 3. HP: 26/26 MP: 6/6
   621 | D:1      | Found Zotsit's Antique Weapon Shoppe.
   843 | D:2      | Reached skill level 4 in Air Magic
   881 | D:2      | Noticed Robin
   899 | D:2      | Shot with a sling bullet by a goblin

Illustrated notes

Levels and vault maps discovered:
D:1:      moated_graveyard_arrival, layout_basic, serial_forest,
          infiniplex_forest_end_3, infiniplex_forest_straight_2,
          infiniplex_forest_straight_2, infiniplex_forest_clump_diagonal,
          infiniplex_forest_end_2, infiniplex_forest_clump_tiny,
          infiniplex_forest_lined_4_way, serial_shops, shop_statue,
          minmay_3d_cube
D:2:      layout_basic, minmay_rat_gold_closets, uniq_robin

Skill      XL: |  1  2  3 |
---------------+----------+-----
Air Magic      | 4 |  4.0
Dodging        | |  1.7
Stealth        | |  1.7
Spellcasting   | |  2.6
Conjurations   | |  1.0

Action                     || total
---------------------------++-------
  Melee: Unarmed           ||     6
         Tailslap          ||     5
         Dagger            ||     1
         Short sword       ||    66
   Cast: Shock             ||    15
         Static Discharge  ||     2
    Use: Potion            ||     2
   Stab: Sleeping          ||     2
 Armour: Skin              ||    23
  Dodge: Dodged            ||    65

Table legend: (Time is in decaauts)
 A = Elapsed time spent in this place.
 B = Non-inter-level travel time spent in this place.
 C = Inter-level travel time spent in this place.
 D = Time resting spent in this place.
 E = Time spent auto-exploring this place.
 F = Levels seen in this place.
 G = Mean time per level.
                   A        B        C        D        E       F      G
               +--------+--------+--------+--------+--------+-----+--------+
         Total |    899 |    882 |     17 |     22 |    586 |   2 |  449.5 |
       Dungeon |    899 |    882 |     17 |     22 |    586 |   2 |  449.5 |
               +--------+--------+--------+--------+--------+-----+--------+

Top non-repeatable levels by time:
     D:1: 757 daAuts
     D:2: 142 daAuts
